 Dungeon Crawl Stone Soup version 0.27-a0-156-gbcd94eb011 (webtiles) character file.

Game seed: 12708830821814038300

2624 lunkers the Fighter (level 9, -5/84 HPs)
             Began as a Hill Orc Hunter on Jan 27, 2021.
             Was a Believer of Okawaru.
             Killed by divine providence
             ... invoked by an orc priest
              (12 damage)
             ... on level 7 of the Dungeon.
             The game lasted 00:14:01 (8458 turns).

lunkers the Fighter (Hill Orc Hunter)               Turns: 8458, Time: 00:14:02

Health: -5/84      AC: 13    Str: 18    XL:     9   Next: 60%
Magic:  11/11      EV: 13    Int: 11    God:    Okawaru [**....]
Gold:   347        SH:  0    Dex: 11    Spells: 8/8 levels left

rFire    . . .     SeeInvis .   z - +2 whip (elec)
rCold    + . .     Faith    .   (no shield)
rNeg     + . .     Spirit   .   E - +2 ring mail {rC+}
rPois    .         Reflect  .   g - +2 helmet
rElec    .         Harm     .   (no cloak)
rCorr    .         Rampage  .   (no gloves)
Will     .....                  n - +1 pair of boots
Stlth    ++........             x - amulet of magic regeneration
HPRegen  0.24/turn              D - ring of positive energy
MPRegen  0.37/turn              (no ring)

@: heroism
A: no potion heal 1
a: Renounce Religion, Convert to Beogh, Heroism


You were on level 7 of the Dungeon.
You worshipped Okawaru.
Okawaru was pleased with you.
You visited 2 branches of the dungeon, and saw 8 of its levels.

You collected 347 gold pieces.

Inventory:

Hand Weapons
 a - a +0 short sword
 c - a +2 short sword of venom
 m - a +2 dagger of speed
 z - a +2 whip of electrocution (weapon)
Missiles
 d - 195 stones
 e - 28 poisoned darts (quivered)
 f - 5 boomerangs of dispersal
 o - 10 javelins
 p - 3 throwing nets
 r - 13 sling bullets
 A - 4 boomerangs
 C - 3 atropa-tipped darts
Armour
 g - a +2 helmet (worn)
 n - a +1 pair of boots (worn)
 t - a +0 plate armour
 E - a +2 ring mail of cold resistance (worn)
Jewellery
 b - an uncursed ring of fire
 x - an amulet of magic regeneration (around neck)
 D - a ring of positive energy (left hand)
Wands
 v - a wand of random effects (15)
Scrolls
 j - a scroll of enchant weapon
 k - a scroll of identify
 w - 6 scrolls of teleportation
 y - a scroll of enchant armour
 B - 3 scrolls of amnesia
Potions
 h - a potion of mutation {unknown}
 i - 2 potions of curing
 l - 2 potions of heal wounds
 q - 4 potions of attraction
 u - a potion of flight
 F - a potion of lignification {unknown}
 G - a potion of invisibility
 H - a potion of resistance {unknown}
 I - a potion of ambrosia {unknown}


   Skills:
 + Level 9.6(14.6) Fighting
 + Level 8.0(13.0) Throwing
 - Level 1.5(6.5) Dodging
 - Level 0.7(5.7) Stealth
 + Level 2.7 Invocations
 + Level 5.9 Evocations


You had 8 spell levels left.
You didn't know any spells.
Your spell library contained the following spells:

 Spells                   Type           Power        Failure   Level
 Animate Dead             Necr           0%           99%         4
 Borgnjor's Vile Clutch   Necr/Erth      0%           100%        5
 Death Channel            Necr           0%           100%        6
 Simulacrum               Ice/Necr       0%           100%        6


Dungeon Overview and Level Annotations

Branches:
Dungeon (7/15)             Temple (1/1) D:4

Altars:
Ashenzari
Cheibriados
Dithmenos
Elyvilon
Fedhas
Hepliaklqana
Kikubaaqudgha
Makhleb
Nemelex Xobeh
Okawaru
Qazlal
Ru
Sif Muna
Trog
Uskayaw
Vehumet
Wu Jian
Xom
Yredelemnul
Zin
The Shining One

Shops:
D:4 [


Innate Abilities, Weirdness & Mutations

Potions are less effective at restoring your health.


Message History

Beogh smites you!
* * * LOW HITPOINT WARNING * * *
The wight closely misses you.
Items here: $ ( )))) / [[[ †††.
You hit the orc priest.
The orc priest is moderately wounded.
The orc priest misses you.
The wight hits you from afar with a +0 halberd.
* * * LOW HITPOINT WARNING * * *
A wight comes into view. It is wielding a +0 short sword.
You hit the orc priest.
The orc priest is moderately wounded.
The orc priest completely misses you.
You hit the orc priest but do no damage.
Your punch misses the orc priest.
The orc priest is moderately wounded.
The wight misses you.
The orc priest invokes the aid of Beogh against you.
Beogh smites you!
You die...

......o####
#.............#.
...o.o†'(.#
########.......#.
.......##o#
.......'.......#. .......
#o############.......#.
.......
#.#...........####+###.
....... #†#.######..#.#
#. ....... #.o..zz#
#..#.# #. .......
###.##o# #..#.# #.
####### #.##@# ...#.. ##
#.##.#.#.##.. #
#########.##.#.#.....# #
#.........##.# ..###.# #
#(##########.# #.# .# #
#..<#........# #. #
#####.######## ...
#........#.#.############
########.#.#.#.......)...


You could see 2 wights and an orc priest.

Vanquished Creatures
  Eustachio (D:4)
  2 orc warriors (D:7)
  An ice beast (D:7)
  A phantom (D:4)
  3 ogres
  2 centaurs (D:7)
  2 bullfrogs
  2 scorpions
  2 killer bees (D:7)
  11 wights
  A howler monkey (D:4)
  A crimson imp (D:4)
  A centaur zombie (D:5)
  A quasit (D:7)
  4 orc wizards
  3 hounds
  An orc priest (D:7)
  Ijyb (D:2)
  Jessica (D:2)
  An iguana (D:6)
  Natasha (D:2)
  7 worker ants
  A worker ant zombie (D:6)
  Robin (D:3)
  A howler monkey skeleton (D:4)
  3 gnolls (D:6)
  11 adders
  A shadow imp (D:6)
  2 ufetubi
  An ooze (D:6)
  An adder skeleton (D:4)
  4 worms
  3 leopard geckos
  23 orcs
  7 bats
  2 giant cockroaches
  6 hobgoblins
  8 jackals
  A ball python (D:2)
  6 frilled lizards
  A giant cockroach zombie (D:6)
  22 goblins
  8 kobolds
  A quokka zombie (D:5)
  9 rats
173 creatures vanquished.

Notes
Turn   | Place    | Note
-------+----------+-------------------------------------------
     0 | D:1      | lunkers the Hill Orc Hunter began the quest for the Orb.
     0 | D:1      | Reached XP level 1. HP: 18/18 MP: 1/1
   277 | D:1      | Reached XP level 2. HP: 25/25 MP: 2/2
   445 | D:1      | Reached skill level 3 in Fighting
   997 | D:2      | Reached XP level 3. HP: 25/31 MP: 3/3
  1179 | D:2      | Reached skill level 4 in Fighting
  1179 | D:2      | Reached XP level 4. HP: 40/40 MP: 4/4
  1551 | D:2      | Noticed Jessica
  1566 | D:2      | Killed Jessica
  1567 | D:2      | Reached XP level 5. HP: 42/47 MP: 5/5
  1942 | D:2      | Found a blossoming altar of Fedhas.
  2248 | D:2      | Noticed Natasha
  2259 | D:2      | Killed Natasha
  2790 | D:3      | Noticed Robin
  2790 | D:3      | Noticed Ijyb
  2816 | D:3      | Reached skill level 5 in Fighting
  2855 | D:2      | Reached skill level 5 in Throwing
  2907 | D:2      | Killed Ijyb
  3135 | D:3      | Killed Robin
  3515 | D:3      | Reached XP level 6. HP: 56/56 MP: 6/6
  4039 | D:4      | Reached skill level 6 in Fighting
  4060 | D:4      | Found Utin's Armour Shop.
  4070 | D:4      | Noticed a phantom
  4109 | D:4      | Killed a phantom
  4309 | D:4      | Found a burning altar of Makhleb.
  4309 | D:4      | Found a radiant altar of Vehumet.
  4324 | D:4      | Reached XP level 7. HP: 64/64 MP: 7/7
  4431 | D:4      | Reached skill level 1 in Evocations
  4543 | D:4      | Found a staircase to the Ecumenical Temple.
  4547 | D:4      | Noticed Eustachio
  4565 | D:4      | Killed Eustachio
  4566 | D:4      | Reached skill level 7 in Fighting
  4577 | Temple   | Entered the Ecumenical Temple
  4740 | Temple   | Became a worshipper of Warmaster Okawaru
  5108 | D:5      | Entered Level 5 of the Dungeon
  5197 | D:5      | Got a twisted war axe
  5198 | D:5      | Identified the +4 war axe of Grandeur {pain, *Contam rElec
                  | Dex+6 Stlth+} (You found it on level 5 of the Dungeon)
  5204 | D:5      | Gained mutation: Potions are less effective at restoring
                  | your health. [mutagenic glow]
  5243 | D:5      | Found a glowing golden altar of the Shining One.
  5245 | D:5      | Found a hide-covered altar of Uskayaw.
  5282 | D:5      | Reached XP level 8. HP: 73/73 MP: 8/8
  5487 | D:5      | Found a shimmering blue altar of Sif Muna.
  5745 | D:5      | Reached * piety under Okawaru
  6062 | D:6      | Found a stormy altar of Qazlal.
  6068 | D:6      | Reached skill level 8 in Fighting
  7380 | D:7      | Reached XP level 9. HP: 70/82 MP: 9/9
  7393 | D:7      | Reached skill level 5 in Evocations
  7411 | D:7      | Reached skill level 9 in Fighting
  7796 | D:7      | Reached ** piety under Okawaru
  7821 | D:7      | Reached skill level 1 in Invocations
  8458 | D:7      | Killed from afar by an orc priest

Illustrated notes

Levels and vault maps discovered:
D:1:      scummos_arrival_star, layout_loops_cross, roderic_lattice_a
D:2:      layout_loops_ring, lemuel_crystal_altar, minmay_tree_intersection,
          uniq_jessica, uniq_natasha
D:3:      layout_basic, uniq_robin, uniq_ijyb
D:4:      layout_gridville, grunt_temple_overflow_lords_of_destruction,
          temple_fountains, serial_shops, kennysheep_mini_moat, uniq_eustachio
D:5:      layout_rooms, lemuel_round_altar, nicolae_overflow_hidden_temple
D:6:      layout_gridville, old_standard_altar, cheibrodos_sewer_entry_bend,
          chequers_serial_rivers_room_b, corexii_leaking_fountain
D:7:      layout_basic, grunt_gozag_statues, kennysheep_minor_cross,
          hangedman_decor_clover_reticule
Temple:   zaba_magenta_temple

Skill      XL: |  1  2  3  4  5  6  7  8  9 |
---------------+----------------------------+-----
Fighting       | 3 4 5 6 7 8 9 |  9.6
Throwing       | 4 5 6 7 8 |  8.0
Evocations     | 3 4 5 |  5.9
Invocations    | 2 |  2.7
Dodging        | |  1.5
Stealth        | |  0.7

Action                   |  1- 3 |  4- 6 |  7- 9 || total
-------------------------+-------+-------+-------++-------
Melee: Short sword       |    60 |   162 |    15 ||   237
       Dagger            |       |    33 |       ||    33
       Whip              |       |       |   350 ||   350
       Punch             |       |       |     1 ||     1
Throw: Dart              |    57 |    95 |    35 ||   187
       Javelin           |     6 |     4 |       ||    10
       Throwing net      |     2 |     1 |       ||     3
Invok: Heroism           |       |       |     5 ||     5
  Use: Scroll            |       |     5 |    10 ||    15
       Potion            |       |       |     3 ||     3
 Stab: Held in net/web   |     1 |       |       ||     1
       Invisible         |       |       |     2 ||     2
Armor: Leather armour    |     4 |       |       ||     4
       Ring mail         |     8 |     9 |    50 ||    67
       Plate armour      |       |   128 |   266 ||   394
Dodge: Dodged            |    25 |    56 |   137 ||   218

Table legend: (Time is in decaauts)
 A = Elapsed time spent in this place.
 B = Non-inter-level travel time spent in this place.
 C = Inter-level travel time spent in this place.
 D = Time resting spent in this place.
 E = Time spent auto-exploring this place.
 F = Levels seen in this place.
 G = Mean time per level.
                   A        B        C        D        E       F      G
               +--------+--------+--------+--------+--------+-----+--------+
         Total |   8466 |   8175 |    291 |    689 |   5735 |   8 | 1058.2 |
       Dungeon |   8228 |   7956 |    272 |    689 |   5523 |   7 | 1175.4 |
        Temple |    237 |    218 |     19 |      0 |    212 |   1 |  237.0 |
               +--------+--------+--------+--------+--------+-----+--------+

Top non-repeatable levels by time:
     D:2: 1623 daAuts
     D:6: 1335 daAuts
     D:1: 1203 daAuts
     D:7: 1192 daAuts
     D:3: 1147 daAuts
     D:4: 878 daAuts
     D:5: 846 daAuts
  Temple: 237 daAuts
